 Dungeon Crawl Stone Soup version 0.31-a0-1-g4198be8af4 (webtiles) character file.

Game seed: 3632959907332315553

123 scionoferis the Cudgeller (level 5, -2/47 HPs)
             Began as a Ghoul Berserker on May 1, 2023.
             Was a Believer of Trog.
             Killed from afar by an orc wizard (5 damage)
             ... with a puff of flame
             ... on level 3 of the Dungeon.
             The game lasted 00:03:53 (2330 turns).

scionoferis the Cudgeller (Ghoul Berserker)         Turns: 2330, Time: 00:03:54

Health: -2/47      AC:  6    Str: 20    XL:     5   Next: 7%
Magic:  4/4        EV: 11    Int:  3    God:    Trog [**....]
Gold:   122        SH:  0    Dex: 10    Spells: 4/4 levels left

rFire   + . .        a - +0 flail
rCold   + . .        (no shield)
rNeg    + + +        o - +2 leather armour {rF+}
rPois   ∞            h - +0 helmet
rElec   .            (no cloak)
rCorr   .            (no gloves)
SInv    .            (no boots)
Will    ++...        (no amulet)
Stlth   +            (no ring)
HPRegen 1.00/turn    (no ring)
MPRegen 0.09/turn

%: no passive effects
@: strong-willed, regenerating
A: claws 1, cold resistance 1, negative energy resistance 3, inhibited
regeneration, torment resistance 2, devour on kill
a: Renounce Religion, Trog's Hand


You were on level 3 of the Dungeon.
You worshipped Trog.
Trog was pleased with you.
You visited 1 branch of the dungeon, and saw 3 of its levels.

You collected 122 gold pieces.


Innate Abilities, Weirdness & Mutations

You are immune to poison.
You have sharp fingernails.
Your flesh is cold resistant. (rC+)
You are immune to negative energy. (rN+++)
You do not regenerate when monsters are visible.
You are immune to unholy pain and torment.
You thrive by killing the living.


   Skills:
 + Level 4.4 Fighting
 * Level 4.4 Maces & Flails
 - Level 1.7 Armour
 - Level 1.7 Dodging


You had 4 spell levels left.
You didn't know any spells.
Your spell library was empty.

Inventory:

Hand Weapons
 a - a +0 flail (weapon)
   (You found it on level 2 of the Dungeon)
 b - a +0 mace
Missiles
 d - 35 stones (quivered)
Armour
 h - a +0 helmet (worn)
   (You found it on level 1 of the Dungeon)
 o - a +2 leather armour of fire resistance (worn)
   (You found it on level 2 of the Dungeon)
Scrolls
 c - a scroll of poison
 f - 3 scrolls of identify
 i - 2 scrolls of enchant weapon
 k - a scroll of magic mapping
 n - 4 scrolls of silence {unknown}
Potions
 e - 2 potions of mutation {unknown}
 g - a potion of might {unknown}
 j - 2 potions of haste {unknown}
 l - a potion of curing {unknown}
 p - a potion of magic {unknown}
 q - a potion of ambrosia {unknown}

Dungeon Overview and Level Annotations

Branches:
Dungeon (3/15)

Altars:
Wu Jian

## ##..###.# ##### #. # ##.#
#.### ##. #.###... #..
#...#.#####. #.# #)#......... #..
# #.##...####.# ### ##
o.#.........# # .##
.o.##.{.###### ⌠.## .⌠..###@##
...##+##.....# #.# .#
.............# #.# . #..... .#
##+## ##. #.#.####.# ####...##
#.. # .[)......###.......## ###.#
# ..##.#.#.##.........## ##.#.# #
..##.....##.#######..####[...####
............#.....#..+...........


There were no monsters in sight!


Message History

Welcome, scionoferis the Ghoul Berserker.
Will you prevail where others failed? Will you find the Orb of Zot?
Trog says: Kill them all!
Press ? for a list of commands and other information.
Found a staircase leading out of the dungeon.
c - a scroll labelled LOETILL USENIE You open the large door.
Found 8 stones.
There is a large open door here.
Found a robe.
A kobold comes into view. It is wielding a +0 whip.
You closely miss the kobold. The kobold hits you with a +0 whip.
You hit the kobold but do no damage. The kobold hits you with a +0 whip.
You hit the kobold but do no damage. The kobold closely misses you.
You closely miss the kobold. The kobold closely misses you.
The kobold hits you with a +0 whip.
You closely miss the kobold. The kobold hits you with a +0 whip.
You are too injured to fight recklessly!
You are too injured to fight recklessly!
You are too injured to fight recklessly!
You hit the kobold.
You kill the kobold!
Trog accepts your kill.
Things that are here:
a +0 whip; a kobold corpse
Things that are here:
a +0 whip; a kobold corpse You start resting.
HP restored.
You now have 8 gold pieces.
You see here 8 stones.
d - 8 stones An endoplasm comes into view.
The endoplasm quivers.
The endoplasm barely misses you.
You hit the endoplasm.
The endoplasm is heavily wounded.
The endoplasm hits you.
You hit the endoplasm.
You kill the endoplasm!
Trog accepts your kill.
You feel better.
No target in view!
A rat comes into view.
You barely miss the rat. The rat bites you.
You hit the rat.
You kill the rat!
Trog accepts your kill.
You feel better.
No target in view!
You see here a rat corpse.
A rat comes into view.
No target in view!
You hit the rat.
You kill the rat!
Trog accepts your kill.
No target in view!
A kobold comes into view. It is wielding a +0 short sword.
The kobold shouts!
You closely miss the kobold.
The kobold hits you with a +0 short sword.
You hit the kobold.
You kill the kobold!
Trog accepts your kill.
You feel better.
No target in view!
A goblin comes into view. It is wielding a +0 dagger.
A goblin is nearby!
Found 8 gold pieces.
The goblin shouts!
You barely miss the goblin. The goblin hits you with a +0 dagger.
You closely miss the goblin. The goblin hits you with a +0 dagger.
The goblin closely misses you.
You thump the goblin!
You kill the goblin!
Trog accepts your kill.
Your Maces & Flails skill increases to level 3!
No target in view!
An endoplasm comes into view.
Found a cyan potion.
You hit the endoplasm.
The endoplasm is almost dead.
The endoplasm freezes you.
You are frozen.
You resist.
You sock the endoplasm!
You kill the endoplasm!
Trog accepts your kill.
You have reached level 2!
You now have 16 gold pieces (gained 8).
e - a cyan potion A ball python comes into view.
The ball python hisses angrily.
The ball python bites you. The ball python grabs you.
The ball python constricts you.
You hit the ball python.
You kill the ball python!
Trog accepts your kill.
You feel better.
No target in view!
You see here a ball python corpse.
You now have 29 gold pieces (gained 13).
You see here a rat corpse.
A dart slug comes into view.
The dart slug launches a dart at you. The slug dart misses you.
The dart slug closely misses you.
You hit the dart slug. You claw the dart slug.
You kill the dart slug!
Trog accepts your kill.
No target in view!
You see here a dart slug corpse.
f - a scroll labelled ZECOMA DEOMNUU A kobold comes into view.
It is wielding a +0 whip.
The kobold shouts!
You hit the kobold.
The kobold is severely wounded.
The kobold hits you with a +0 whip.
You barely miss the kobold.
The kobold is moderately wounded.
The kobold completely misses you.
You hit the kobold.
You kill the kobold!
Trog accepts your kill.
No target in view!
d - 11 stones (gained 3)
You see here a +0 whip.
You see here a +0 whip.
g - a fuming white potion
Found a stone staircase leading down.
An endoplasm comes into view.
You hit the endoplasm but do no damage.
The endoplasm hits you but does no damage.
You hit the endoplasm.
The endoplasm is heavily wounded.
The endoplasm freezes you.
You are frozen.
You resist.
You hit the endoplasm.
The endoplasm is almost dead.
The endoplasm freezes you.
You are frozen.
You resist.
You hit the endoplasm.
You kill the endoplasm!
Trog accepts your kill.
You feel better.
Found a stone staircase leading down.
Found a robe.
You now have 38 gold pieces (gained 9).
Found a book of Geomancy.
Found a spear.
You see here a book of Geomancy.
Found a mace.
A dart slug comes into view.
You see here a +0 mace.
The helpless dart slug fails to defend itself.
You hit the dart slug.
The dart slug is heavily wounded.
The dart slug launches a dart at you.
The slug dart hits you but does no damage.
You sock the dart slug!
You kill the dart slug!
Trog accepts your kill.
No target in view!
A kobold comes into view. It is wielding a +0 short sword.
The kobold shouts!
The kobold throws a stone.
The stone hits you.
You closely miss the kobold.
The kobold hits you with a +0 short sword.
You closely miss the kobold.
The kobold hits you with a +0 short sword. x2
You hit the kobold.
You kill the kobold!
Trog accepts your kill.
You feel better.
No target in view!
No target in view!
d - 14 stones (gained 3)
Things that are here:
a +0 short sword; a kobold corpse A kobold comes into view.
It is wielding a +0 short sword.
The kobold shouts!
The kobold throws a stone.
The stone closely misses you.
Found a helmet.
You hit the kobold but do no damage.
The kobold hits you with a +0 short sword.
You completely miss the kobold. The kobold barely misses you.
You closely miss the kobold.
The kobold hits you with a +0 short sword.
You closely miss the kobold. The kobold closely misses you.
The kobold hits you with a +0 short sword.
You hit the kobold.
You kill the kobold!
Trog accepts your kill.
No target in view!
d - 16 stones (gained 2)
You see here a +0 short sword.
You see here a +0 helmet.
h - a +0 helmet You start putting on your armour.
You continue putting on your +0 helmet. x4
You finish putting on your +0 helmet.
A frilled lizard comes into view.
The frilled lizard hisses angrily.
The frilled lizard barely misses you.
You closely miss the frilled lizard. The frilled lizard bites you.
You barely miss the frilled lizard.
The frilled lizard completely misses you.
The frilled lizard barely misses you.
You barely miss the frilled lizard.
The frilled lizard bites you but does no damage.
You hit the frilled lizard.
You kill the frilled lizard!
Trog accepts your kill.
You feel better.
No target in view!
No target in view!
You see here a frilled lizard corpse.
i - a scroll labelled UZONIO CUAMERGH
j - 2 grey potions
Found a helmet.
You see here a +0 helmet.
Found a stone staircase leading down.
A hobgoblin comes into view.
The hobgoblin misses you.
You hit the hobgoblin.
You kill the hobgoblin!
Trog accepts your kill.
No target in view!
No target in view!
You see here a +0 mace.
Things that are here:
a +0 short sword; a kobold skeleton Done exploring.
Done exploring.
Search for what [? for help]? d: Unknown command.
There is a stone staircase leading down here.
You climb downwards.
There is a stone staircase leading up here.
The rat bites you.
You barely miss the rat. The rat bites you.
You hit the rat but do no damage. The rat closely misses you.
You completely miss the rat.
The rat twitches its whiskers.
The rat bites you but does no damage.
You barely miss the rat. The rat closely misses you. The rat misses you.
You hit the rat.
You kill the rat!
Trog accepts your kill.
No target in view!
HP restored.
k - a scroll labelled AHUESECUIT
Found a stone staircase leading up.
l - a fuming coppery potion 2 jackals and a ball python come into view.
The ball python hisses angrily.
The jackal barks! x2
The ball python attacks as you move away!
The ball python barely misses you.
The ball python attacks as you move away!
The ball python barely misses you. The ball python closely misses you.
The ball python barely misses you.
The ball python attacks as you move away!
The ball python closely misses you. The ball python misses you.
Found a dagger.
You completely miss the ball python. The ball python closely misses you.
The ball python barely misses you.
You hit the ball python.
You kill the ball python!
Trog accepts your kill.
You hit the jackal but do no damage. The jackal barely misses you.
The jackal closely misses you.
You closely miss the jackal. The jackal bites you.
The jackal bites you but does no damage.
You closely miss the jackal. The jackal barely misses you. x2
You hit the jackal.
The jackal is almost dead.
The jackal bites you.
You hit the jackal.
You kill the jackal!
Trog accepts your kill.
You feel better.
The jackal bites you but does no damage.
You have reached level 3!
Your experience leads to an increase in your attributes!
Increase (S)trength, (I)ntelligence, or (D)exterity?
You feel agile. x2
You closely miss the jackal. The jackal barely misses you. x2
You sock the jackal!
You kill the jackal!
Trog accepts your kill.
You swing at nothing.
f - 2 scrolls labelled ZECOMA DEOMNUU (gained 1)
Found a book of Necromancy.
d - 18 stones (gained 2)
A kobold comes into view. It is wielding a +0 dagger.
Found an escape hatch in the ceiling.
The kobold shouts!
You barely miss the kobold. The kobold hits you with a +0 dagger.
You miss the kobold. The kobold hits you with a +0 dagger.
The kobold closely misses you.
You hit the kobold.
The kobold is moderately wounded.
The kobold hits you but does no damage.
You miss the kobold.
The kobold is moderately wounded.
The kobold hits you with a +0 dagger.
You hit the kobold but do no damage.
The kobold is moderately wounded.
The kobold hits you with a +0 dagger.
You hit the kobold.
You kill the kobold!
Trog accepts your kill.
No target in view!
m - a scroll labelled WYIGGA ZAOHOCO
d - 22 stones (gained 4)
d - 28 stones (gained 6)
You see here a +0 robe.
Found a stone staircase leading down.
Found a leather armour.
A dart slug comes into view.
The dart slug bites you.
You hit the dart slug.
The dart slug is moderately wounded.
The dart slug launches a dart at you. The slug dart misses you.
You hit the dart slug.
The dart slug is almost dead.
The dart slug launches a dart at you. The slug dart hits you.
You hit the dart slug.
You kill the dart slug!
Trog accepts your kill.
There is a stone staircase leading down here.
You see here a +0 leather armour.
n - a +0 leather armour You start removing your armour.
You continue taking off your +0 animal skin. x4
You finish taking off your +0 animal skin.
You start putting on your armour.
You continue putting on your +0 leather armour. x5
You finish putting on your +0 leather armour.
Unknown command.
You drop a +0 animal skin.
You now have 45 gold pieces (gained 7).
i - 2 scrolls labelled UZONIO CUAMERGH (gained 1)
A bat comes into view.
The bat hits you but does no damage.
You hit the bat.
You kill the bat!
Trog accepts your kill.
No target in view!
No target in view!
You see here a +0 dagger.
Found a stone staircase leading down.
No target in view!
A bat comes into view.
Found a flail.
You closely miss the bat. The bat barely misses you.
The bat closely misses you.
You closely miss the bat. The bat hits you but does no damage. x2
The bat barely misses you.
You barely miss the bat. The bat closely misses you.
The bat hits you but does no damage. x2
You closely miss the bat. The bat barely misses you.
The bat hits you but does no damage. The bat closely misses you.
You sock the bat!
You kill the bat!
Trog accepts your kill.
You see here a bat corpse.
Found 5 gold pieces.
f - 5 scrolls labelled ZECOMA DEOMNUU (gained 3)
Found a stone staircase leading up.
You see here a +0 flail.
b - a +0 flail Adjust to which letter? (? for menu, Esc to quit)
a - a +0 flail;
b - a +0 mace (weapon)
a - a +0 flail (weapon)
You see here a +2 leather armour of fire resistance.
o - a +2 leather armour of fire resistance You start removing your armour.
You continue taking off your +0 leather armour. x4
You finish taking off your +0 leather armour.
You start putting on your armour.
You continue putting on your +2 leather armour of fire resistance. x5
You finish putting on your +2 leather armour of fire resistance.
You feel resistant to fire.
You drop a +0 leather armour.
You now have 50 gold pieces (gained 5).
There is a stone staircase leading up here.
f - 6 scrolls labelled ZECOMA DEOMNUU (gained 1)
A goblin comes into view. It is wielding a +0 dagger.
Found 11 gold pieces.
The goblin shouts!
The goblin closely misses you.
You closely miss the goblin. The goblin misses you.
You miss the goblin. The goblin misses you.
You sock the goblin!
You kill the goblin!
Trog accepts your kill.
No target in view!
You now have 61 gold pieces (gained 11).
Things that are here:
a +0 dagger; a goblin corpse
Found an escape hatch in the floor.
There is an escape hatch in the floor here.
An adder comes into view.
The adder hisses angrily.
You closely miss the adder. The adder barely misses you.
You closely miss the adder. The adder barely misses you. x2
You hit the adder.
The adder is lightly wounded.
The adder bites you. The adder misses you.
You closely miss the adder.
The adder is lightly wounded.
The adder barely misses you.
You sock the adder!
The adder is almost dead.
The adder closely misses you. The adder bites you but does no damage.
You hit the adder.
You kill the adder!
Trog accepts your kill.
You feel better.
No target in view!
A rat comes into view.
The rat barely misses you.
You hit the rat.
The rat is severely wounded.
The rat closely misses you.
You hit the rat but do no damage.
The rat is severely wounded.
The rat bites you but does no damage. x2
You barely miss the rat.
The rat is severely wounded.
The rat bites you but does no damage.
You sock the rat!
You kill the rat!
Trog accepts your kill.
No target in view!
Found a stone staircase leading down.
Done exploring.
Done exploring.
Search for what [Enter for "d:", or ? for help]? d: Unknown command.
There is a stone staircase leading down here.
Unknown command.
You climb downwards.
There is a stone staircase leading up here.
As you read the scroll labelled ZECOMA DEOMNUU, it crumbles to dust.
It is a scroll of identify.
c - a scroll of poison
As you read the scroll of identify, it crumbles to dust.
i - 2 scrolls of enchant weapon
As you read the scroll of identify, it crumbles to dust.
k - a scroll of magic mapping
As you read the scroll of identify, it crumbles to dust.
m - a scroll of fear
There is a stone staircase leading up here.
Found a robe.
You see here a +0 robe.
You open the door.
Found an escape hatch in the ceiling.
There is an open door here.
e - 2 cyan potions (gained 1) As you open the door, it creaks loudly!
A hobgoblin comes into view.
The hobgoblin shouts!
A hobgoblin is nearby!
There is an open door here.
You sock the hobgoblin!
You kill the hobgoblin!
Trog accepts your kill.
You can now call upon Trog for regeneration and willpower.
No target in view!
No target in view!
An adder comes into view.
An adder is nearby!
A bat comes into view.
The bat moves out of view.
You hit the adder.
The adder is moderately wounded.
The adder closely misses you. The adder bites you but does no damage.
You barely miss the adder.
The adder is moderately wounded.
The adder bites you but does no damage.
You closely miss the adder.
The adder is moderately wounded.
The adder bites you but does no damage. The adder barely misses you.
You hit the adder but do no damage.
The adder is moderately wounded.
The adder closely misses you. x2
You hit the adder.
The adder is heavily wounded.
The adder bites you but does no damage.
You sock the adder!
You kill the adder!
Trog accepts your kill.
Your Fighting skill increases to level 4!
No target in view!
An orc comes into view. It is wielding a +0 club.
The orc shouts!
An orc is nearby!
You barely miss the orc. The orc closely misses you.
You barely miss the orc. The orc hits you with a +0 club.
The orc barely misses you.
You sock the orc!
You kill the orc!
Trog accepts your kill.
You feel better. The bat closely misses you.
You miss the bat. The bat closely misses you. The bat barely misses you.
The bat closely misses you.
You hit the bat.
You kill the bat!
Trog accepts your kill.
No target in view!
No target in view!
HP restored.
You now have 70 gold pieces (gained 9).
Found a stone staircase leading up.
An adder comes into view.
The adder hisses angrily.
You sock the adder!
You kill the adder!
Trog accepts your kill.
You have reached level 4!
You see here an adder corpse.
A rat comes into view.
A rat is nearby!
The rat bites you but does no damage.
You barely miss the rat. The rat barely misses you. The rat bites you.
You barely miss the rat. The rat closely misses you.
You barely miss the rat. The rat bites you.
You barely miss the rat. The rat bites you but does no damage.
You closely miss the rat. The rat bites you but does no damage.
You barely miss the rat. The rat bites you. The rat barely misses you.
You hit the rat.
The rat is heavily wounded.
The rat barely misses you.
You hit the rat but do no damage.
The rat is heavily wounded.
The rat bites you but does no damage.
You thump the rat!
You kill the rat!
Trog accepts your kill.
You feel better.
No target in view!
You open the door.
There is an open door here.
n - a scroll labelled NENLUDE ISYNG
There is a shaft here.
Found a short sword.
You see here a +0 short sword.
You open the door.
There is an open door here.
As you open the door, it creaks loudly!
A hound comes into view.
The hound barks!
There is an open door here.
The hound bites you but does no damage.
You barely miss the hound. The hound closely misses you. x2
You barely miss the hound. The hound bites you. x2
You completely miss the hound. The hound bites you but does no damage.
The hound closely misses you.
You hit the hound.
The hound is moderately wounded.
The hound barely misses you.
You closely miss the hound.
The hound is moderately wounded.
The hound bites you but does no damage. The hound closely misses you.
You closely miss the hound.
The hound is moderately wounded.
The hound closely misses you. The hound bites you.
You hit the hound.
The hound is heavily wounded.
The hound barely misses you. x2
You closely miss the hound.
The hound is heavily wounded.
The hound closely misses you. The hound misses you.
You closely miss the hound.
The hound is heavily wounded.
The hound barely misses you.
You sock the hound!
The hound is almost dead.
The hound misses you. The hound bites you.
You sock the hound!
You kill the hound!
Trog accepts your kill.
You feel better.
Your Maces & Flails skill increases to level 4!
No target in view!
You see here a hound corpse.
A dart slug comes into view.
The dart slug launches a dart at you. The slug dart hits you.
You hit the dart slug.
The dart slug is lightly wounded.
The dart slug launches a dart at you. The slug dart hits you.
You hit the dart slug.
The dart slug is moderately wounded.
The dart slug launches a dart at you. The slug dart misses you.
You thump the dart slug!
You kill the dart slug!
Trog accepts your kill.
No target in view!
You see here a dart slug corpse.
Found a stone staircase leading down.
Found a dagger.
A rat comes into view.
A rat is nearby!
A worm comes into view.
The rat barely misses you.
You see here a +0 dagger.
You hit the rat but do no damage. The rat barely misses you.
You hit the rat.
You kill the rat!
Trog accepts your kill.
You hit the worm.
The worm is lightly wounded.
You hit the worm.
The worm is moderately wounded.
The worm bites you!
You hit the worm.
The worm is heavily wounded.
The worm bites you but does no damage.
You hit the worm.
The worm is heavily wounded.
The worm bites you.
You hit the worm.
The worm is severely wounded.
You barely miss the worm.
The worm is severely wounded.
The worm barely misses you.
You barely miss the worm.
The worm is severely wounded.
The worm bites you!
You sock the worm!
You kill the worm!
Trog accepts your kill.
Found an escape hatch in the floor.
Found a robe.
There is an escape hatch in the floor here.
p - a red potion You open the door.
There is an open door here.
A quokka comes into view.
A quokka is nearby!
You hit the quokka but do no damage. The quokka closely misses you.
The quokka bites you but does no damage.
You hit the quokka but do no damage. The quokka misses you.
You miss the quokka.
The quokka bites you but does no damage.
You sock the quokka!
You kill the quokka!
Trog accepts your kill.
No target in view!
n - 4 scrolls labelled NENLUDE ISYNG (gained 3)
A goblin comes into view. It is wielding a +0 club.
The goblin shouts!
A goblin is nearby!
You hit the goblin.
The goblin is moderately wounded.
The goblin closely misses you.
You sock the goblin!
You kill the goblin!
Trog accepts your kill.
No target in view!
Found a hand axe.
You see here a +0 hand axe.
A hobgoblin comes into view.
A hobgoblin is nearby!
No target in view!
No target in view!
No target in view!
You thump the hobgoblin!
You kill the hobgoblin!
Trog accepts your kill.
No target in view!
No target in view!
A dart slug and an adder come into view.
Found a stone staircase leading down.
The adder hisses angrily.
The adder bites you but does no damage.
You hit the adder.
The adder is moderately wounded.
The adder completely misses you.
You miss the adder.
The adder is moderately wounded.
The adder bites you but does no damage. x2
You hit the adder.
The adder is heavily wounded.
The adder bites you but does no damage. The dart slug closely misses you.
You closely miss the adder.
The adder is moderately wounded.
The adder barely misses you. The adder bites you but does no damage.
You closely miss the adder.
The adder is moderately wounded.
The adder barely misses you. The dart slug launches a dart at you.
The slug dart hits you.
You barely miss the adder.
The adder is moderately wounded.
The adder closely misses you. The dart slug launches a dart at you.
The slug dart hits you but does no damage.
The adder bites you.
You closely miss the adder.
The adder is moderately wounded.
The adder closely misses you. The dart slug bites you.
The adder closely misses you.
You closely miss the adder.
The adder is moderately wounded.
The adder bites you. The dart slug launches a dart at you.
The slug dart hits you.
You barely miss the adder.
The adder is moderately wounded.
The adder bites you but does no damage. The adder barely misses you.
The dart slug bites you but does no damage.
You sock the adder!
You kill the adder!
Trog accepts your kill.
You feel better.
You have reached level 5!
You feel stronger.
You sock the dart slug!
The dart slug is severely wounded.
The dart slug closely misses you.
You hit the dart slug.
The dart slug is almost dead.
The dart slug launches a dart at you. The slug dart misses you.
You thump the dart slug!
You kill the dart slug!
Trog accepts your kill.
No target in view!
Found a leather armour.
Found a stone staircase leading up.
Found an ornate altar of the Wu Jian Council.
You open the door.
There is an open door here.
You now have 82 gold pieces (gained 12).
You now have 93 gold pieces (gained 11).
There is an ornate altar of the Wu Jian Council here.
You now have 103 gold pieces (gained 10).
You now have 113 gold pieces (gained 10).
There is an open door here.
You now have 122 gold pieces (gained 9).
d - 32 stones (gained 4)
A rat comes into view.
Found a robe.
The rat moves out of view.
A rat is nearby!
A kobold comes into view. It is wielding a +0 club.
The kobold shouts!
You hear a shout!
You barely miss the rat. The kobold hits you but does no damage.
The rat closely misses you.
You hit the rat.
You kill the rat!
Trog accepts your kill. The kobold barely misses you.
You miss the kobold. The kobold hits you with a +0 club.
You closely miss the kobold. The kobold hits you but does no damage.
You hit the kobold.
The kobold is moderately wounded.
The kobold misses you.
You closely miss the kobold.
The kobold is moderately wounded.
The kobold completely misses you. The kobold hits you but does no damage.
You thump the kobold!
You kill the kobold!
Trog accepts your kill.
You feel better.
No target in view!
There is a fountain of clear blue water here.
q - a smoky ruby potion A goblin comes into view.
It is wielding a +0 club.
The goblin shouts!
You see here a scroll of identify.
You barely miss the goblin. The goblin hits you but does no damage.
You closely miss the goblin. The goblin hits you but does no damage.
You hit the goblin but do no damage. The goblin hits you with a +0 club.
You sock the goblin!
You kill the goblin!
Trog accepts your kill.
No target in view!
No target in view!
f - 3 scrolls of identify (gained 1)
There is a fountain of clear blue water here.
d - 35 stones (gained 3)
An orc comes into view. It is wielding a +0 club.
An orc is nearby!
An orc priest comes into view. It is wielding a +0 flail.
The orc priest shouts!
You hear a shout!
You closely miss the orc. The orc hits you with a +0 club.
You hit the orc.
The orc is almost dead.
The orc hits you but does no damage.
An orc comes into view. It is wielding a +0 trident.
An orc wizard comes into view. It is wielding a +0 dagger.
The orc wizard shouts!
You sock the orc!
You kill the orc!
Trog accepts your kill.
An orc comes into view. It is wielding a +0 club.
The orc priest hits you but does no damage.
You closely miss the orc priest.
The orc priest hits you with a +0 flail.
Your skin crawls.
You feel strong-willed.
The orc wizard points at you and mumbles some strange words.
The magic dart hits you.
The orc priest looks satisfied for a moment.
You closely miss the orc priest.
The orc priest mumbles some strange prayers to Beogh against you.
Beogh smites you!
You hit the orc priest.
The orc priest is lightly wounded.
The orc wizard closely misses you. The orc priest closely misses you.
The orc hits you from afar with a +0 trident.
The orc priest barely misses you. The orc wizard casts a spell at you.
The puff of flame hits you. You resist. The orc hits you but does no damage.
You sock the orc priest!
You claw the orc priest, but do no damage.
The orc priest is severely wounded.
The orc wizard misses you.
The orc hits you from afar with a +0 trident.
The orc priest barely misses you.
You barely miss the orc priest.
The orc priest is severely wounded.
The orc wizard casts a spell at you. The magic dart hits you.
The orc barely misses you. The orc priest closely misses you.
You closely miss the orc priest.
The orc priest is heavily wounded.
The orc wizard hits you but does no damage.
The orc closely misses you.
The orc priest invokes the aid of Beogh against you.
Beogh smites you!
* * * LOW HITPOINT WARNING * * *
Unknown command.
As you read the scroll of fear, it crumbles to dust.
You assume a fearsome visage.
The orc looks frightened! x2
The orc wizard looks frightened!
The orc priest looks frightened!
The orc wizard gestures wildly while chanting.
The orc wizard flickers and vanishes!
Deactivating autopickup; reactivate with Ctrl-A.
You feel the effects of Trog's Hand fading.
Something hits you.
* * * LOW HITPOINT WARNING * * *
Unknown command.
Okay, then.
Unknown command.
You barely miss something. Something hits you but does no damage.
You barely miss something.
You hear some strange, mumbled words.
A magic dart appears from out of thin air!
The magic dart hits you.
* * * LOW HITPOINT WARNING * * *
Something hits you but does no damage.
You barely miss something. Something hits you but does no damage.
You sock something! Something hits you but does no damage.
You hit something. Your claw misses something.
Your skin stops crawling.
You feel less strong-willed. Something hits you but does no damage.
You miss something.
You hear some strange, mumbled words.
A magic dart appears from out of thin air!
The magic dart hits you.
* * * LOW HITPOINT WARNING * * *
Your skin crawls.
You feel strong-willed. Something completely misses you.
You miss something. Something hits you but does no damage.
You hear some strange, mumbled words.
A magic dart appears from out of thin air!
The magic dart hits you.
* * * LOW HITPOINT WARNING * * *
You hit something. Something hits you but does no damage.
You miss something. Something hits you.
* * * LOW HITPOINT WARNING * * *
You barely miss something.
You hear some strange, mumbled words.
A puff of flame appears from out of thin air!
The puff of flame hits you. You resist.
You die...

Skill      XL: |  1  2  3  4 |
---------------+-------------+-----
Maces & Flails | 3 4 |  4.4
Fighting       | 4 |  4.4
Armour         | |  1.7
Dodging        | |  1.7

Action                     |  1- 3 |  4- 6 || total
---------------------------+-------+-------++-------
  Melee: Mace              |    71 |       ||    71
         Punch             |     1 |     1 ||     2
         Flail             |    26 |    83 ||   109
 Invoke: Trog's Hand       |       |     2 ||     2
    Use: Scroll            |     4 |     1 ||     5
   Stab: Sleeping          |     1 |       ||     1
 Armour: Animal skin       |     7 |       ||     7
         Leather armour    |    14 |    34 ||    48
  Dodge: Dodged            |    60 |    46 ||   106

Levels and vault maps discovered:
D:1:      saegor_arrival_simple_e, layout_loops_ring
D:2:      layout_loops_ring
D:3:      layout_loops_corners, nicolae_overflow_ecumenical_swirl,
          amcnicky_altar_gilded, nicolae_kite_square_tiling_tiny,
          grunt_ministairs_9

Notes
Turn   | Place    | Note
-------+----------+-------------------------------------------
     0 | D:1      | scionoferis the Ghoul Berserker began the quest for the
                  | Orb.
     0 | D:1      | Reached XP level 1. HP: 19/19 MP: 0/0
   166 | D:1      | Reached skill level 3 in Maces & Flails
   172 | D:1      | Reached XP level 2. HP: 22/26 MP: 1/1
   873 | D:2      | Reached XP level 3. HP: 30/33 MP: 2/2
  1529 | D:3      | Reached ** piety under Trog
  1539 | D:3      | Reached skill level 4 in Fighting
  1610 | D:3      | Reached XP level 4. HP: 40/40 MP: 3/3
  1733 | D:3      | Reached skill level 4 in Maces & Flails
  2053 | D:3      | Reached XP level 5. HP: 37/47 MP: 4/4
  2149 | D:3      | Found an ornate altar of the Wu Jian Council.
  2327 | D:3      | HP: 4/47 [something/magic dart (4)]
  2330 | D:3      | Killed from afar by an orc wizard

Vanquished Creatures
  A hound (D:3)
  4 adders (D:2 D:3)
  A worm (D:3)
  5 dart slugs (D:1 D:2 D:3)
  2 orcs (D:3)
  2 ball pythons (D:1 D:2)
  3 endoplasms (D:1)
  3 hobgoblins (D:1 D:3)
  2 jackals (D:2)
  7 kobolds (D:1 D:2 D:3)
  A quokka (D:3)
  3 bats (D:2 D:3)
  A frilled lizard (D:1)
  4 goblins (D:1 D:2 D:3)
  7 rats (D:1 D:2 D:3)
46 creatures vanquished.

Table legend: (Time is in decaauts)
 A = Elapsed time spent in this place.
 B = Non-inter-level travel time spent in this place.
 C = Inter-level travel time spent in this place.
 D = Time resting spent in this place.
 E = Time spent auto-exploring this place.
 F = Levels seen in this place.
 G = Mean time per level.
                   A        B        C        D        E       F      G
               +--------+--------+--------+--------+--------+-----+--------+
         Total |   2368 |   2338 |     30 |     43 |   1806 |   3 |  789.3 |
       Dungeon |   2368 |   2338 |     30 |     43 |   1806 |   3 |  789.3 |
               +--------+--------+--------+--------+--------+-----+--------+

Top non-repeatable levels by time:
     D:3: 858 daAuts
     D:1: 828 daAuts
     D:2: 681 daAuts

Table legend:
 A = Non-vault XP
 B = Vault XP
 C = Vault XP percentage of total XP
 D = Non-vault monster count
 E = Vault monster count
 F = Vault count percentage of total count
                 A         B        C        D         E       F
            +---------+---------+-------+---------+---------+-------
      Total |     159 |      18 |  10.2 |      44 |       2 |   4.3
            +---------+---------+-------+---------+---------+-------
        D:1 |      29 |       0 |   0.0 |      16 |       0 |   0.0
        D:2 |      32 |       0 |   0.0 |      11 |       0 |   0.0
        D:3 |      98 |      18 |  15.5 |      17 |       2 |  10.5
            +---------+---------+-------+---------+---------+-------
